 Dungeon Crawl Stone Soup version 0.18-a0-739-gdae9da8 (webtiles) character file.

1 4thArraOfDagon the Magician (level 1, 0/13 HPs)
             Began as a Formicid Wizard on Dec 10, 2015.
             Was an Initiate of Cheibriados.
             Slain by a kobold
             ... wielding a +0 dagger
              (2 damage)
             ... on level 2 of the Dungeon.
             The game lasted 00:01:20 (186 turns).

4thArraOfDagon the Magician (Formicid Wizard)        Turns: 186, Time: 00:01:20

Health: 0/13       AC:  8    Str: 12    XL:     1   Next: 22%
Magic:  4/4        EV:  5    Int: 18    God:    Cheibriados [......]
Gold:   0          SH:  0    Dex: 10    Spells: 1 memorised, 5 levels left

rFire  . . .     SeeInvis +     f - +0 spear
rCold  . . .     Clarity  .     d - +0 chain mail
rNeg   . . .     SustAt   .     (no shield)
rPois  .         Gourm    .     (helmet unavailable)
rElec  .         Spirit   .     (no cloak)
rCorr  .         Dismiss  .     (no gloves)
rMut   .         Stasis   +     (no boots)
MR     .....                    (no amulet)
Stlth  ..........               (no ring)
                                (no ring)

@: very slow, not resistant to hostile enchantments, extremely unstealthy
A: permanent stasis, dig shafts and tunnels, four strong arms, antennae 3
a: Dig, Shaft Self, Bend Time, Renounce Religion


You were on level 2 of the Dungeon.
You worshipped Cheibriados.
Cheibriados was noncommittal.
You were not hungry.

You visited 1 branch of the dungeon, and saw 3 of its levels.

Inventory:

Hand Weapons
 f - a +0 spear (weapon)
Armour
 a - a +0 robe
 d - a +0 chain mail (worn)
Scrolls
 e - a scroll of enchant armour {unknown}
 g - a scroll of fear {unknown}
Books
 b - a book of Minor Magic

   Spells                             Type                      Level
   a - Magic Dart                     Conjuration                  1
   b - Blink                          Translocation                2
   c - Call Imp                       Summoning                    2
   d - Repel Missiles                 Charms/Air                   2
   e - Slow                           Hexes                        2
   f - Conjure Flame                  Conjuration/Fire             3
   g - Mephitic Cloud                 Conjuration/Poison/Air       3
Comestibles
 c - a bread ration


   Skills:
 - Level 0.2 Fighting
 * Level 0.2 Polearms
 - Level 1.7 Dodging
 - Level 2.4 Stealth
 - Level 3.2 Spellcasting
 - Level 0.8 Conjurations
   Level 1.0 Summonings
   Level 0.8 Translocations


You had 5 spell levels left.
You knew the following spells:

 Your Spells              Type           Power        Failure   Level  Hunger
a - Magic Dart            Conj           #...         100%        1    None


Dungeon Overview and Level Annotations

Branches:
Dungeon (3/15)

Altars:
Cheibriados
Dithmenos
Kikubaaqudgha
Makhleb
Vehumet

Annotations:
D:3 Robin


Innate Abilities, Weirdness & Mutations

You are under a permanent stasis effect.
You can dig through walls and to a lower floor.
Your four strong arms can wield two-handed weapons with a shield.
You have a pair of large antennae on your head (SInv).


Message History

The kobold is severely wounded.
The kobold hits you but does no damage.
You closely miss the kobold.
The kobold is severely wounded.
The kobold hits you but does no damage.
You closely miss the kobold.
The kobold is severely wounded.
The kobold hits you with a dagger.
* * * LOW HITPOINT WARNING * * *
You closely miss the kobold.
The kobold is severely wounded.
The kobold closely misses you.
You aren't carrying any potions.
You closely miss the kobold.
The kobold is moderately wounded.
The kobold hits you but does no damage.
You closely miss the kobold.
The kobold is moderately wounded.
The kobold hits you with a dagger.
You die...

##.....##
..#_....._#
#.##.....##
#. #8...8#
#.##.....##
#.#_....._#
#.##....)##
#.#.8...8#
#.@###>###
#K#######
#. ?...##
########


You could see a kobold.

Vanquished Creatures
  A giant newt (D:2)
  A goblin (D:2)
2 creatures vanquished.

Notes
Turn   | Place    | Note
--------------------------------------------------------------
     0 | D:1      | 4thArraOfDagon the Formicid Wizard began the quest for the Orb.
     0 | D:1      | Reached XP level 1. HP: 13/13 MP: 4/4
    31 | D:1      | You fall through a shaft!
    39 | D:2      | You fall through a shaft!
   111 | D:2      | You fall through a shaft!
   117 | D:2      | Found an ancient bone altar of Kikubaaqudgha.
   117 | D:2      | Found a radiant altar of Vehumet.
   117 | D:2      | Found a shadowy altar of Dithmenos.
   117 | D:2      | Found a snail-covered altar of Cheibriados.
   120 | D:2      | Found a burning altar of Makhleb.
   125 | D:2      | Became a worshipper of Cheibriados the Contemplative
   157 | D:3      | Noticed Robin
   186 | D:2      | Slain by a kobold

Vault maps used:
D:1:      minmay_arrival_loop, serial_glass, glass_columns_c, glass_columns_a
D:2:      nicolae_overflow_hidden_temple, first_bread
D:3:      trog_wizard, uniq_robin, uniq_grinder, uniq_jessica

Action                   || total
-------------------------++-------
Melee: Spear             ||    31
 Abil: Shaft Self        ||     3
       Dig               ||     2
